 Dungeon Crawl Stone Soup version 0.29.1-2-gbd0b4ee654 (webtiles) character file.

Game seed: 13145471783629857628

15 Icepheonix32 the Trooper (level 2, 0/26 HPs)
             Began as a Demigod Fighter on Nov 4, 2022.
             Slain by a gnoll
             ... wielding a +0 spear
              (1 damage)
             ... on level 1 of the Dungeon.
             The game lasted 00:00:18 (376 turns).

Icepheonix32 the Trooper (Demigod Fighter)           Turns: 376, Time: 00:00:19

Health: 0/26       AC:  6    Str: 17    XL:     2   Next: 21%
Magic:  4/4        EV:  9    Int: 10    God:
Gold:   29         SH:  4    Dex: 13    Spells: 1/1 levels left

rFire   . . .      SeeInvis .   a - +0 long sword
rCold   . . .      Faith    .   c - +0 buckler
rNeg    . . .      Spirit   .   b - +0 scale mail
rPois   .          Reflect  .   (no helmet)
rElec   .          Harm     .   (no cloak)
rCorr   .          Rampage  .   (no gloves)
Will    .....                   (no boots)
Stlth   ..........              (no amulet)
HPRegen 0.08/turn               (no ring)
MPRegen 0.09/turn               (no ring)

@: mighty
A: high MP 1, forlorn, divine attributes
a: no special abilities


You were on level 1 of the Dungeon.
You visited 1 branch of the dungeon, and saw 1 of its levels.

You collected 29 gold pieces.

Inventory:

Hand Weapons
 a - a +0 long sword (weapon)
Armour
 b - a +0 scale mail (worn)
 c - a +0 buckler (worn)
Scrolls
 e - 3 scrolls of identify {unknown}
Potions
 f - 2 potions of mutation {unknown}
 g - 2 potions of cancellation {unknown}


   Skills:
 + Level 3.0 Fighting
 + Level 1.7 Long Blades
 + Level 3.0 Armour
 + Level 0.1 Dodging
 + Level 2.8 Shields


You had one spell level left.
You didn't know any spells.
Your spell library was empty.

Dungeon Overview and Level Annotations

Branches:
Dungeon (1/15)


Innate Abilities, Weirdness & Mutations

You have an increased reservoir of magic. (+10% MP)
You shall have no god before yourself.
Your divine heritage dramatically boosts your attributes as you level up.


Message History

You barely miss the goblin. The gnoll barely misses you.
The goblin hits you but does no damage.
You barely miss the goblin. You block the gnoll's attack.
You block the goblin's attack. The gnoll hits you but does no damage.
The goblin barely misses you.
You closely miss the goblin. The gnoll misses you.
The goblin barely misses you.
You hit the goblin.
The goblin is heavily wounded.
The gnoll closely misses you. The goblin closely misses you.
You closely miss the goblin.
The goblin is heavily wounded.
The gnoll barely misses you. The goblin closely misses you.
The gnoll hits you but does no damage. The goblin hits you but does no damage.
You closely miss the goblin.
The goblin is heavily wounded.
The goblin barely misses you.
The gnoll hits you from afar with a +0 spear!
You are too injured to fight recklessly!
You are too injured to fight recklessly!
You are too injured to fight recklessly!
You are too injured to fight recklessly!
You are too injured to fight recklessly!
You are too injured to fight recklessly!
You are too injured to fight recklessly!
You are too injured to fight recklessly!
You are too injured to fight recklessly!
You are too injured to fight recklessly!
You are too injured to fight recklessly!
You are too injured to fight recklessly!
You feel very mighty all of a sudden.
The gnoll hits you from afar with a +0 spear!
* * * LOW HITPOINT WARNING * * *
The goblin hits you with a +0 dagger.
* * * LOW HITPOINT WARNING * * *
You slash the goblin!
You kill the goblin!
The gnoll hits you but does no damage. The gnoll hits you with a +0 spear.
You die...

...#### #..# #
#.######## .###
#........ ...
#.##..### #.. #
#.#†)...## #.#
.## .
....###..## #.#
#..#...
.....###..#
##.###†.....#
##.#.#
##.###...@g.#
#...#
#.##..##...#
###..
#.....####....#
#...........#
#...#
#...........#
.#.#
#..............
.#...
######.####.....
# #:. ...
#.....# ## ....
#.....#


You could see a gnoll.

Vanquished Creatures
  A dart slug (D:1)
  A bat (D:1)
  An endoplasm (D:1)
  2 giant cockroaches (D:1)
  A goblin (D:1)
  A hobgoblin (D:1)
  A ball python (D:1)
  A frilled lizard (D:1)
  2 kobolds (D:1)
  A rat (D:1)
12 creatures vanquished.

Vanquished Creatures (others)
  A plant (D:1)
1 creature vanquished.

Grand Total: 13 creatures vanquished

Notes
Turn   | Place    | Note
-------+----------+-------------------------------------------
     0 | D:1      | Icepheonix32 the Demigod Fighter began the quest for the
                  | Orb.
     0 | D:1      | Reached XP level 1. HP: 18/18 MP: 3/3
   337 | D:1      | Reached XP level 2. HP: 26/26 MP: 4/4
   374 | D:1      | HP: 1/26 [goblin/+0 dagger (3)]
   376 | D:1      | Slain by a gnoll

Illustrated notes

Levels and vault maps discovered:
D:1:      lightli_arrival_statue_moat, layout_rooms,
          shapermc_ecumenical_altar_mp_highgroup, serial_forest,
          infiniplex_forest_clump_C, infiniplex_forest_clump_tiny,
          infiniplex_forest_clump_small, infiniplex_forest_clump_double,
          infiniplex_forest_lined_room_2, infiniplex_forest_end_3,
          infiniplex_forest_end_3, minmay_pentomino_o2

Skill      XL: |  1  2 |
---------------+-------+-----
Fighting       | 3 |  3.0
Armour         | 3 |  3.0
Long Blades    | |  1.7
Dodging        | |  0.1
Shields        | |  2.8

Action                   || total
-------------------------++-------
Melee: Long sword        ||    39
  Use: Potion            ||     1
Armor: Scale mail        ||    24
Dodge: Dodged            ||    20
Block: Buckler           ||     9
